 Dungeon Crawl Stone Soup version 0.23.2-40-g277498a001 (webtiles) character file.

Game seed: 15153424989763974254

53 Martska the Ducker (level 3, -4/27 HPs)
             Began as a Merfolk Ice Elementalist on Oct 4, 2019.
             Was an Initiate of Yredelemnul.
             Slain by an iguana (9 damage)
             ... on level 2 of the Dungeon.
             The game lasted 00:06:27 (2261 turns).

Martska the Ducker (Merfolk Ice Elementalist)       Turns: 2261, Time: 00:06:28

Health: -4/27      AC:  2    Str: 13    XL:     3   Next: 87%
Magic:  0/6        EV: 14    Int: 14    God:    Yredelemnul [......]
Gold:   25         SH:  0    Dex: 15    Spells: 0/6 levels left

rFire    . . .     SeeInvis .   k - +0 spear
rCold    . . .     Gourm    .   (no shield)
rNeg     . . .     Faith    .   a - +0 robe
rPois    .         Spirit   .   (no helmet)
rElec    .         Reflect  .   (no cloak)
rCorr    .         Harm     .   (no gloves)
MR       .....                  (no boots)
Stlth    ++........             (no amulet)
HPRegen  0.09/turn              (no ring)
MPRegen  0.10/turn              (no ring)

@: mighty, very slightly contaminated
A: change form in water, swift swim, stealthy swim
a: Renounce Religion


You were on level 2 of the Dungeon.
You worshipped Yredelemnul.
Yredelemnul was noncommittal.
You were not hungry.

You visited 1 branch of the dungeon, and saw 2 of its levels.

You collected 25 gold pieces.

Inventory:

Hand Weapons
 d - a +0 dagger
 k - a +0 spear (weapon)
Armour
 a - a +0 robe (worn)
 e - a +0 pair of boots
Jewellery
 j - an uncursed ring of protection from magic {unknown}
Scrolls
 b - a scroll of fear {unknown}
 f - a scroll of enchant weapon {unknown}
 g - a scroll of remove curse {unknown}
 i - a scroll of random uselessness {unknown}
Comestibles
 c - a ration


   Skills:
 * Level 1.7 Fighting
 * Level 0.4 Polearms
 * Level 3.7 Dodging
 + Level 2.5 Stealth
 + Level 2.2 Spellcasting
 - Level 0.7 Conjurations
 + Level 0.0 Charms
 + Level 3.6 Ice Magic


You couldn't memorise any spells.
You knew the following spells:

 Your Spells              Type           Power        Failure   Level  Hunger
a - Freeze                Ice            ##..         5%          1    #......
b - Throw Frost           Conj/Ice       #.....       14%         2    ###....
c - Ozocubu's Armour      Chrm/Ice       #.......     32%         3    ###....

Your spell library contained the following spells:

 Spells                   Type           Power        Failure   Level  Hunger
 Throw Icicle             Conj/Ice       #.......     67%         4    #####..
 Summon Ice Beast         Ice/Summ       #.......     73%         4    #####..


Dungeon Overview and Level Annotations

Branches:
Dungeon (2/15)

Altars:
Yredelemnul


Message History

Aim: an iguana (heavily wounded)
You freeze the iguana.
The iguana is severely wounded.
The iguana barely misses you.
Casting: Freeze (safe; 5% risk of failure)
Confirm with . or Enter, or press ? or * to list all spells.
Aiming: Freeze (safe; 5% risk of failure)
Press: ? - help, Shift-Dir - straight line, f/p - iguana
Aim: an iguana (severely wounded)
You freeze the iguana.
The iguana is almost dead.
The iguana seems to slow down.
The iguana completely misses you.
Casting: Freeze (safe; 5% risk of failure)
Confirm with . or Enter, or press ? or * to list all spells.
Aiming: Freeze (safe; 5% risk of failure)
Press: ? - help, Shift-Dir - straight line, f/p - iguana
Aim: an iguana (almost dead, slow)
You miscast Freeze.
Nothing appears to happen.
The iguana bites you!
You die...
Your body rises from the dead as a mindless zombie.

#.#.#.#.##.##.##.#
##.#.#.#.##.##.##.#
#....#.#.##....##.#
#.##.#.#.########.#
#.##.#..........#.#######
#.##.#..................#
##.##.#..................# #
#...#.#..................###.#
##.##........@l..#............
##...###..........#############
#..#w.##.............<.........
##...##########################
##.#.#.## #.......# ###w#.###
...... ##.......## ......
#.#.#.#.#.# ...... ####


You could see an iguana.

Vanquished Creatures
  2 adders (D:2)
  An ooze (D:2)
  4 bats (D:1)
  2 giant cockroaches (D:1)
  2 gnoll zombies (D:2)
  4 goblins
  4 hobgoblins
  4 kobolds (D:1)
  A quokka (D:2)
  3 frilled lizards
  A rat (D:1)
28 creatures vanquished.

Notes
Turn   | Place    | Note
-------+----------+-------------------------------------------
     0 | D:1      | Martska the Merfolk Ice Elementalist began the quest for
                  | the Orb.
     0 | D:1      | Reached XP level 1. HP: 13/13 MP: 3/3
   284 | D:1      | Reached XP level 2. HP: 16/20 MP: 0/5
   480 | D:1      | Reached skill level 1 in Fighting
  1311 | D:2      | Reached XP level 3. HP: 23/26 MP: 1/6
  1859 | D:2      | Found a basalt altar of Yredelemnul.
  1971 | D:2      | Became a worshipper of Yredelemnul the Dark
  1996 | D:2      | Learned a level 2 spell: Throw Frost
  2000 | D:2      | Learned a level 3 spell: Ozocubu's Armour
  2261 | D:2      | Slain by an iguana

Skill      XL: |  1  2 |
---------------+-------+-----
Dodging        | 3 |  3.7
Fighting       | 1 |  1.7
Polearms       | |  0.4
Stealth        | |  2.5
Spellcasting   | |  2.2
Conjurations   | |  0.7
Ice Magic      | |  3.6

Action                   || total
-------------------------++-------
Melee: Dagger            ||    48
       Unarmed           ||     1
       Tailslap          ||     3
       Spear             ||    22
 Cast: Freeze            ||    46
  Use: Potion            ||     1
 Stab: Sleeping          ||     3
       Distracted        ||     1
  Eat: Ration            ||     2
       Chunk             ||     1
Armor: Robe              ||    24
Dodge: Dodged            ||   111
